 Dungeon Crawl Stone Soup version 0.26-a0-597-gb535b0901c (webtiles) character file.

Game seed: 9199438074639787636

9 Lanoc the Ruffian (level 2, -5/23 HPs)
             Began as a Draconian Transmuter on Sept 15, 2020.
             Slain by Natasha (10 damage)
             ... on level 2 of the Dungeon.
             The game lasted 00:00:35 (316 turns).

Lanoc the Ruffian (Draconian Transmuter)             Turns: 316, Time: 00:00:36

Health: -5/23      AC:  4    Str: 12    XL:     2   Next: 6%
Magic:  5/5        EV: 12    Int: 13    God:
Gold:   18         SH:  0    Dex: 11    Spells: 4/5 levels left

rFire    . . .     SeeInvis .     - Unarmed
rCold    . . .     Faith    .   (no shield)
rNeg     . . .     Spirit   .   (armour unavailable)
rPois    .         Reflect  .   (helmet currently unavailable)
rElec    .         Harm     .   (no cloak)
rCorr    .                      (no gloves)
MR       .....                  (boots currently unavailable)
Stlth    +.........             (no amulet)
HPRegen  0.07/turn              (no ring)
MPRegen  0.09/turn              (no ring)

@: appendages (expiring)
A: unfitting armour, horns 2, talons 2, cold-blooded, AC +4
a: End Transformation


You were on level 2 of the Dungeon.
You had grown temporary horns.
You had grown temporary talons.
You visited 1 branch of the dungeon, and saw 2 of its levels.

You collected 18 gold pieces.

Inventory:

Potions
 a - a potion of magic {unknown}


   Skills:
 + Level 1.4 Fighting
 + Level 1.9 Dodging
 * Level 3.2 Unarmed Combat
 - Level 2.0 Spellcasting
 + Level 2.1 Transmutations


You had 4 spell levels left.
You knew the following spells:

 Your Spells              Type           Power        Failure   Level
a - Beastly Appendage     Tmut           #.....       11%         1

Your spell library contained the following spells:

 Spells                   Type           Power        Failure   Level
 Wereblood                Tmut           #.......     16%         2
 Spider Form              Tmut/Pois      #.........   43%         3
 Ice Form                 Ice/Tmut       #.......     85%         4
 Blade Hands              Tmut           #.........   96%         5


Dungeon Overview and Level Annotations

Branches:
Dungeon (2/15)

Altars:

Annotations:
D:2 Natasha


Innate Abilities, Weirdness & Mutations

Your plain brown scales are hard. (AC +4)
You cannot fit into any form of body armour.
You are cold-blooded and may be slowed by cold attacks.
You have a pair of horns on your head.
You have razor-sharp toenails.


Message History

You closely miss Natasha.
Natasha is lightly wounded.
Natasha misses you. The white imp closely misses you.
Natasha barely misses you. The white imp barely misses you.
You closely miss Natasha.
Natasha is lightly wounded.
You feel yourself speed up. Natasha barely misses you.
The white imp barely misses you.
You hit Natasha. Your kick misses Natasha.
Natasha is lightly wounded.
Your transformation is almost over.
Natasha barely misses you. The white imp hits you. The white imp freezes you.
* * * LOW HITPOINT WARNING * * *
You hit Natasha. Your kick misses Natasha. You tail-slap Natasha.
Natasha is moderately wounded.
Natasha claws you but does no damage.
You barely miss Natasha.
Natasha is moderately wounded.
Natasha claws you!
You die...

####.######
#.# ♣♣ #.#
♣♣.♣ #.#
♣♣... #.#
♣.... ####.#
#.... #....#
#....###.####
#...5h@..#
##...#####
####


You could see Natasha and a white imp (summoned).

Vanquished Creatures
  2 bats (D:1)
  2 goblins (D:1)
  2 hobgoblins (D:1)
  A frilled lizard (D:1)
  2 rats (D:1)
9 creatures vanquished.

Notes
Turn   | Place    | Note
-------+----------+-------------------------------------------
     0 | D:1      | Lanoc the Draconian Transmuter began the quest for the Orb.
     0 | D:1      | Reached XP level 1. HP: 16/16 MP: 3/3
    63 | D:1      | Reached XP level 2. HP: 13/23 MP: 3/5
   303 | D:2      | Noticed Natasha
   316 | D:2      | Slain by Natasha

Illustrated notes

Levels and vault maps discovered:
D:1:      lightli_arrival_farm, layout_basic, minmay_misc_feat_cross,
          hangedman_decor_diamond_cutter
D:2:      minmay_spotlight, layout_loops_ring, uniq_crazy_yiuf_cottage,
          uniq_natasha

Action                   || total
-------------------------++-------
Melee: Unarmed           ||    32
       Kick              ||     3
       Headbutt          ||     2
       Tailslap          ||     2
 Cast: Beastly Appendage ||     3
Armor: Skin              ||     9
Dodge: Dodged            ||    26

Table legend: (Time is in decaauts)
 A = Elapsed time spent in this place.
 B = Non-inter-level travel time spent in this place.
 C = Inter-level travel time spent in this place.
 D = Time resting spent in this place.
 E = Time spent auto-exploring this place.
 F = Levels seen in this place.
 G = Mean time per level.
                   A        B        C        D        E       F      G
               +--------+--------+--------+--------+--------+-----+--------+
         Total |    321 |    321 |      0 |      0 |    257 |   2 |  160.5 |
       Dungeon |    321 |    321 |      0 |      0 |    257 |   2 |  160.5 |
               +--------+--------+--------+--------+--------+-----+--------+

Top non-repeatable levels by time:
     D:1: 254 daAuts
     D:2: 67 daAuts
